 Dungeon Crawl Stone Soup version 0.25-a0-413-g3b4b6a4ccc (webtiles) character file.

Game seed: 10502333836799908117, levelgen mode: deterministic

1407 Gargoyl the Chopper (level 8, 0/67 HPs)
             Began as a Centaur Abyssal Knight on Jan 17, 2020.
             Was an Elder of Lugonu.
             Slain by a vampire (6 damage)
             ... on level 7 of the Dungeon.
             The game lasted 00:08:38 (5863 turns).

Gargoyl the Chopper (Centaur Abyssal Knight)        Turns: 5863, Time: 00:08:38

Health: 0/67       AC:  9    Str: 21    XL:     8   Next: 42%
Magic:  11/11      EV:  9    Int: 11    God:    Lugonu [****..]
Gold:   295        SH:  0    Dex: 10    Spells: 7/7 levels left

rFire    + + .     SeeInvis .   d - +1 war axe (venom)
rCold    . . .     Gourm    .   (no shield)
rNeg     . . .     Faith    .   s - +3 ring mail {rF+}
rPois    .         Spirit   .   (no helmet)
rElec    .         Reflect  .   (no cloak)
rCorr    .         Harm     .   (no gloves)
MR       .....                  (no barding)
Stlth    ..........             k - amulet of the acrobat
HPRegen  0.21/turn              b - +5 ring of strength
MPRegen  0.12/turn              n - ring of protection from fire

@: heavily drained, very quick
A: large, hooves 3, deformed body, speed 2, tough skin 3
a: Depart the Abyss, Bend Space, Banish, Corrupt, Renounce Religion


You were on level 7 of the Dungeon.
You worshipped Lugonu.
Lugonu was greatly pleased with you.
You were not hungry.

You visited 1 branch of the dungeon, and saw 7 of its levels.
You visited the Abyss 1 time.

You collected 295 gold pieces.

Inventory:

Hand Weapons
 a - a +1 hand axe
 d - a +1 war axe of venom (weapon)
Armour
 s - a +3 ring mail of fire resistance (worn)
Jewellery
 b - a +5 ring of strength (left hand)
 k - an amulet of the acrobat (around neck)
 n - a ring of protection from fire (right hand)
 u - an uncursed ring of protection from fire
Wands
 j - a wand of polymorph (8)
 o - a wand of flame (28)
Scrolls
 e - 2 scrolls of identify
 h - 2 scrolls of fog
 i - 4 scrolls of remove curse
 v - 2 scrolls of fear
 y - a scroll of teleportation
Potions
 f - 2 potions of heal wounds {unknown}
 g - 4 potions of lignification {unknown}
 l - 4 potions of curing
 m - a potion of agility {unknown}
 p - a potion of mutation {unknown}
 q - a potion of resistance {unknown}
 r - 2 potions of flight {unknown}
 t - a potion of invisibility {unknown}
 w - a potion of brilliance
Comestibles
 c - 9 rations
 x - 2 chunks of flesh


   Skills:
 + Level 4.4(3.2) Fighting
 + Level 5.6(4.4) Axes
 * Level 4.1(2.9) Armour
 * Level 2.9(1.8) Dodging
 * Level 5.2(4.0) Invocations
 + Level 0.1(0.0) Evocations


You had 7 spell levels left.
You didn't know any spells.
Your spell library was empty.

Dungeon Overview and Level Annotations

Branches:
Dungeon (7/15)
 Temple: D:4-7

Altars:
Cheibriados
Gozag
Xom

Shops:
D:4 :

Annotations:
D:6 Prince Ribbit


Innate Abilities, Weirdness & Mutations

You have hooves in place of feet.
Armour fits poorly on your strangely shaped body.
You cover ground very quickly.
You have extremely tough skin. (AC +3)


Message History

You hit the vampire.
The vampire is heavily damaged.
The vampire hits you. The vampire bites you.
The vampire draws strength from your injuries!
You bump into the rock wall.
The vampire barely misses you. The vampire completely misses you.
You slash the vampire! You kick the vampire, but do no damage.
The vampire is heavily damaged.
The vampire closely misses you. The vampire barely misses you.
You hit the vampire. Your kick misses the vampire.
The vampire is severely damaged.
The vampire hits you!
* * * LOW HITPOINT WARNING * * *
The vampire bites you!
* * * LOW HITPOINT WARNING * * *
The vampire draws strength from your injuries!
It was a potion of curing.
You feel better.
The vampire hits you but does no damage.
The vampire bites you.
You die...

#####
#....## .
..... #..
..%
#....#.####
........V@#
.......####
.......
.......
.$.....
.......
......#
.!....


You could see a vampire.

Vanquished Creatures
  A hornet zombie (D:6)
  2 phantoms
  3 ogres
  A bullfrog (D:6)
  3 scorpions
  A crimson imp (D:5)
  3 orc wizards
  4 orc priests
  2 hounds (D:4)
  Terence (D:3)
  An iguana (D:6)
  3 worker ants
  A worker ant zombie (D:5)
  4 gnolls (D:5)
  8 adders
  A shadow imp (D:5)
  An adder zombie (D:5)
  A worm (D:2)
  4 dart slugs
  4 leopard geckos
  7 orcs
  3 ball pythons
  6 giant cockroaches
  7 hobgoblins
  23 jackals
  7 kobolds
  3 quokkas
  11 bats
  7 frilled lizards
  8 goblins
  A leopard gecko zombie (D:5)
  13 rats
145 creatures vanquished.

Notes
Turn   | Place    | Note
-------+----------+-------------------------------------------
     0 | Abyss:1  | Gargoyl the Centaur Abyssal Knight began the quest for the
                  | Orb.
     0 | Abyss:1  | Reached XP level 1. HP: 19/19 MP: 2/2
    40 | Abyss:1  | Found a corrupted altar of Lugonu.
   137 | Abyss:3  | Noticed a wretched star
   142 | D:1      | Escaped the Abyss
   294 | D:1      | Reached * piety under Lugonu
   300 | D:1      | Reached XP level 2. HP: 25/26 MP: 3/3
   688 | D:1      | Reached skill level 1 in Dodging
   899 | D:1      | Reached XP level 3. HP: 28/31 MP: 4/4
   942 | D:1      | Reached ** piety under Lugonu
  1402 | D:2      | Reached XP level 4. HP: 38/38 MP: 5/5
  2325 | D:3      | Reached XP level 5. HP: 26/45 MP: 7/7
  2567 | D:3      | Noticed Terence
  2574 | D:3      | Killed Terence
  2832 | D:3      | Reached *** piety under Lugonu
  2842 | D:3      | Reached XP level 6. HP: 17/52 MP: 8/8
  3589 | D:4      | Found Ming's Book Shoppe.
  3695 | D:4      | Reached XP level 7. HP: 46/58 MP: 10/10
  4094 | D:4      | Found an opulent altar of Gozag.
  4313 | D:5      | Entered Level 5 of the Dungeon
  4326 | D:5      | Found a snail-covered altar of Cheibriados.
  4786 | D:5      | Reached **** piety under Lugonu
  4786 | D:5      | Reached skill level 5 in Axes
  4831 | D:5      | Reached XP level 8. HP: 66/66 MP: 11/11
  4908 | D:5      | Reached skill level 5 in Invocations
  5717 | D:6      | Found a shimmering altar of Xom.
  5785 | D:6      | Noticed Prince Ribbit
  5862 | D:7      | HP: 1/67 [vampire (12)]
  5863 | D:7      | Slain by a vampire

Levels and vault maps discovered:
D:1:      dpeg_arrival_subterranean_lakeside_camping, layout_basic,
          serial_rivers, chequers_serial_rivers_room_b,
          chequers_serial_rivers_micro_b, chequers_serial_rivers_marsh,
          chequers_serial_rivers_micro_b, chequers_serial_rivers_room_b,
          chequers_serial_rivers_large_a, minmay_pentomino_w4
D:2:      layout_rooms, first_ration, kennysheep_generic_room_15
D:3:      layout_basic, uniq_terence
D:4:      layout_gridville, old_standard_altar, serial_shops,
          nicolae_shop_statue_plus
D:5:      layout_rooms, gup_sewer_entry_bowl, basic_altar, patterned_corridor
D:6:      layout_basic, basic_altar, uniq_prince_ribbit1
D:7:      layout_basic, minmay_temple_entry_glass

Skill      XL: |  1  2  3  4  5  6  7  8 |
---------------+-------------------------+-----
Axes           | 2 3 5 |  5.6
Dodging        | 1 2 |  2.9
Armour         | 2 3 4 |  4.1
Invocations    | 3 4 5 |  5.2
Fighting       | 4 |  4.4
Evocations     | |  0.1

Action                   |  1- 3 |  4- 6 |  7- 9 || total
-------------------------+-------+-------+-------++-------
Melee: War axe           |   100 |   140 |   125 ||   365
       Kick              |    10 |    30 |    28 ||    68
Invok: Depart the Abyss  |     1 |       |       ||     1
Evoke: Wand              |       |     3 |       ||     3
  Use: Potion            |     1 |       |     1 ||     2
       Scroll            |     7 |     2 |     5 ||    14
  Eat: Chunk             |     1 |     6 |     6 ||    13
Armor: Ring mail         |    68 |    72 |    48 ||   188
Dodge: Dodged            |    67 |    95 |    81 ||   243

Table legend:
 A = Non-vault XP
 B = Vault XP
 C = Vault XP percentage of total XP
 D = Non-vault monster count
 E = Vault monster count
 F = Vault count percentage of total count
                 A         B        C        D         E       F
            +---------+---------+-------+---------+---------+-------
      Total |    1952 |      59 |   2.9 |     129 |      16 |  11.0
            +---------+---------+-------+---------+---------+-------
        D:1 |      53 |      19 |  26.4 |      30 |      13 |  30.2
        D:2 |      86 |       1 |   1.1 |      29 |       1 |   3.3
        D:3 |     197 |      36 |  15.5 |      23 |       1 |   4.2
        D:4 |     623 |       0 |   0.0 |      18 |       0 |   0.0
        D:5 |     661 |       3 |   0.5 |      22 |       1 |   4.3
        D:6 |     330 |       0 |   0.0 |       6 |       0 |   0.0
        D:7 |       2 |       0 |   0.0 |       1 |       0 |   0.0
            +---------+---------+-------+---------+---------+-------
